[Event "Titled Tuesday Blitz June 20 Early 2023"]
[White "Budrewicz, Krzysztof"]
[Black "Sarkar, Justin"]
[WhiteFideId "1127950"]
[BlackFideId "2010011"]
[WhiteElo "2230"]
[BlackElo "2151"]
[Result "1-0"]
[Round "1"]
[TimeControl "180+2"]
[Date "2023.06.20"]
[WhiteClock "0:02:47"]
[BlackClock "0:00:28"]
[Board "179"]

1. d4 Nf6 2. c4 e6 3. Nf3 d5 4. Nc3 Nbd7 5. g3 dxc4 6. Bg2 Be7 7. O-O O-O 8. e4 c5 9. d5 exd5 10. e5 Ne4 11. Nxd5 Nb6 12. Nxe7+ Qxe7 13. Re1 1-0


[Site "https://www.chess.com"]

[Event "Titled Tuesday Blitz June 20 Early 2023"]
[White "Slovineanu, Viacheslav"]
[Black "Gontcharov, Vladislav"]
[WhiteFideId "13900510"]
[BlackFideId "4123492"]
[WhiteElo "2312"]
[BlackElo "2420"]
[Result "0-1"]
[Round "1"]
[TimeControl "180+2"]
[Date "2023.06.20"]
[WhiteClock "0:00:00"]
[BlackClock "0:00:16"]
[Board "180"]

1. e4 e6 2. d4 d5 3. Nc3 Bb4 4. e5 c5 5. a3 Bxc3+ 6. bxc3 Ne7 7. Qg4 O-O 8. h4 Nbc6 9. Nf3 f5 10. Qg3 Qa5 11. Bd2 Qa4 12. Bd3 c4 13. Be2 Qxc2 14. Rc1 Qe4 15. Ng5 f4 16. Nxe4 fxg3 17. Nxg3 Bd7 18. f4 h6 19. O-O b5 20. Ra1 a5 21. Rfb1 Rab8 22. Kf2 Rb6 23. Ke3 Rfb8 24. Bd1 Be8 25. Bc2 Bg6 26. Bxg6 Nxg6 27. h5 Nge7 28. Ne2 b4 29. axb4 axb4 30. cxb4 Nf5+ 31. Kf2 Nxb4 32. Bxb4 Rxb4 33. Rxb4 Rxb4 34. Ra8+ Kf7 35. Ra7+ Ne7 36. g4 Ke8 37. Ng3 c3 38. Rc7 Rxd4 0-1


[Site "https://www.chess.com"]

[Event "Titled Tuesday Blitz June 20 Early 2023"]
[White "Hajiyev, Kanan"]
[Black "Kuzmin, Ilya"]
[WhiteFideId "13404148"]
[BlackFideId "4153863"]
[WhiteElo "2115"]
[BlackElo "2093"]
[Result "1/2-1/2"]
[Round "1"]
[TimeControl "180+2"]
[Date "2023.06.20"]
[WhiteClock "0:00:17"]
[BlackClock "0:00:59"]
[Board "181"]

1. d4 Nf6 2. Nf3 c5 3. e3 d5 4. c4 cxd4 5. Nxd4 Nc6 6. cxd5 Nxd4 7. Qa4+ Qd7 8. Qxd4 Qxd5 9. Qxd5 Nxd5 10. Bd2 Bd7 11. Bc4 Nb6 12. Be2 Bc6 13. f3 e6 14. Nc3 Bb4 15. a3 Be7 16. O-O-O O-O-O 17. e4 Bc5 18. Bf4 f6 19. Rxd8+ Rxd8 20. Rd1 e5 21. Bg3 Rxd1+ 22. Kxd1 Kd7 23. Bb5 Bd4 24. Bxc6+ Kxc6 25. Kc2 Nc4 26. Nd1 b5 27. h3 h5 28. Be1 a5 29. Bc3 Kc5 30. Kd3 Bg1 31. Bd2 a4 32. Bc1 Bd4 33. Nc3 Bxc3 34. Kxc3 Na5 35. Kd3 Nc4 36. Kc3 g5 37. g4 h4 38. Kd3 b4 39. Be3+ Kb5 40. Bc1 Nb6 41. Kc2 Kc4 42. axb4 Kxb4 43. Kd3 Nc4 44. Kc2 Nd6 45. Bd2+ Kc4 46. Ba5 Nb5 47. Bd8 Nd4+ 48. Kc1 Nxf3 49. Bxf6 Kd3 50. Kb1 Kxe4 51. Ka2 Kd3 52. Ka3 e4 53. Kxa4 e3 54. b4 e2 55. b5 e1=Q 56. b6 Qd1+ 57. Kb5 Qb3+ 58. Kc6 Qc4+ 59. Kb7 Qf7+ 60. Ka8 Qxf6 61. b7 Qc6 62. Ka7 Qc7 63. Ka8 Ke3 64. b8=Q Qxb8+ 65. Kxb8 Ng1 66. Kc7 Nxh3 67. Kd6 Kf4 68. Kd5 Kxg4 69. Kd4 Nf4 70. Ke3 h3 71. Kf2 Kh4 72. Kg1 g4 73. Kh1 g3 74. Kg1 Nh5 75. Kh1 Kg4 76. Kg1 Nf4 77. Kh1 g2+ 78. Kg1 Ne2+ 79. Kf2 g1=Q+ 80. Kxe2 h2 81. Kd3 h1=Q 82. Kc4 Qf3 83. Kb5 Qe1 84. Ka4 Qd3 1/2-1/2


[Site "https://www.chess.com"]

[Event "Titled Tuesday Blitz June 20 Early 2023"]
[White "Rodriguez Polo, Mateo"]
[Black "Belov, Alexei"]
[WhiteFideId "24509396"]
[BlackFideId "4128206"]
[WhiteElo "2117"]
[BlackElo "2590"]
[Result "1-0"]
[Round "1"]
[TimeControl "180+2"]
[Date "2023.06.20"]
[WhiteClock "0:00:20"]
[BlackClock "0:00:19"]
[Board "182"]

1. Nf3 d5 2. c4 e6 3. g3 Nf6 4. Bg2 Be7 5. O-O O-O 6. b3 c5 7. Bb2 dxc4 8. bxc4 Nc6 9. Ne5 Nxe5 10. Bxe5 Nd7 11. Bb2 Bf6 12. Qc2 Qc7 13. Bxf6 Nxf6 14. Nc3 Bd7 15. Rab1 Rab8 16. Nb5 Qa5 17. Qc3 Qxc3 18. Nxc3 b6 19. a4 Rfc8 20. Rb2 Bc6 21. Bxc6 Rxc6 22. a5 Nd7 23. Rfb1 Kf8 24. d3 Ke7 25. Nb5 a6 26. Nc3 Kd6 27. Kf1 Kc7 28. Ke1 bxa5 29. Rxb8 Nxb8 30. Na4 Nd7 31. Kd2 Nb6 32. Nc3 a4 33. Ra1 Rd6 34. Kc2 f5 35. Nxa4 Nxa4 36. Rxa4 Rb6 37. Ra5 Rc6 38. Kc3 g5 39. e3 g4 40. d4 cxd4+ 41. exd4 Kb6 42. Ra2 a5 43. c5+ Ka6 44. Kc4 Rc8 45. Re2 Re8 46. Rb2 f4 47. Rb6+ Ka7 48. Kb5 fxg3 49. fxg3 Rd8 50. Rxe6 Rxd4 51. Re7+ Kb8 52. Kxa5 Rd2 53. Rxh7 Rb2 54. c6 Kc8 55. Rg7 Rxh2 56. Rxg4 Kc7 57. Rg6 Rb2 58. g4 Rc2 59. Kb5 Rb2+ 60. Kc5 Rc2+ 61. Kd5 Rd2+ 62. Ke5 Re2+ 63. Kf5 Ra2 64. Kg5 Ra5+ 65. Kh6 Ra1 66. g5 Rh1+ 67. Kg7 Rf1 68. Rf6 Rg1 69. g6 Rg2 70. Kf7 1-0


[Site "https://www.chess.com"]

[Event "Titled Tuesday Blitz June 20 Early 2023"]
[White "Goudriaan, Etienne"]
[Black "Rosh Jain"]
[WhiteFideId "1021150"]
[BlackFideId "25789465"]
[WhiteElo "2318"]
[BlackElo "2233"]
[Result "1-0"]
[Round "1"]
[TimeControl "180+2"]
[Date "2023.06.20"]
[WhiteClock "0:00:20"]
[BlackClock "0:00:01"]
[Board "183"]

1. c4 e6 2. b3 d5 3. Bb2 Nf6 4. e3 Be7 5. Nf3 O-O 6. d3 b6 7. Nbd2 Bb7 8. g3 c5 9. Bg2 Nc6 10. O-O Nb4 11. Qe2 dxc4 12. dxc4 Qd3 13. Qxd3 Nxd3 14. Bc3 Rfd8 15. Rad1 a6 16. a3 b5 17. Ne5 Bxg2 18. Kxg2 Nxe5 19. Bxe5 Rd3 20. Kf3 Rad8 21. Ke2 Ng4 22. Nf3 Nxe5 23. Nxe5 Rxb3 24. Nc6 Rxd1 25. Rxd1 Bf6 26. e4 g6 27. e5 Bg7 28. Rd8+ Bf8 29. Nb8 Kg7 30. Nd7 Be7 31. Re8 Bg5 32. f4 Bh6 33. Nf6 Rb2+ 34. Kf3 Rb3+ 35. Kg4 Bxf4 36. gxf4 Rb2 37. h4 bxc4 38. h5 c3 39. hxg6 hxg6 40. Rg8+ Kh6 41. Rh8+ Kg7 42. Rh3 Rg2+ 43. Kf3 c2 44. Rh1 Rd2 45. Rc1 c4 46. Ne4 Rh2 47. Ke3 Rh3+ 48. Kd4 Rxa3 49. Rxc2 Rf3 50. Rxc4 Rxf4 51. Ra4 g5 52. Rxa6 g4 53. Ke3 Rf3+ 54. Ke2 Rf5 55. Ra5 Kg6 56. Nd6 Rf4 57. Ra8 Kg7 58. Ke3 Rf1 59. Ra4 Re1+ 60. Kf4 Rg1 61. Ra7 Kg6 62. Ra8 Kg7 63. Ra7 Kg6 64. Rb7 g3 65. Kf3 g2 66. Kf2 Re1 67. Kxg2 Rxe5 68. Nxf7 Rf5 69. Nd6 Rd5 70. Ne4 Re5 71. Kf3 Rf5+ 72. Ke3 e5 73. Rb6+ Kg7 74. Nd6 Rf4 75. Rb5 Rg4 76. Rxe5 Kf6 77. Re8 Rg3+ 78. Kd4 Rg4+ 79. Kd5 Rg1 80. Ne4+ Kf7 81. Nd6+ Kf6 82. Re6+ Kg7 83. Kc6 Rc1+ 84. Kd7 Rd1 85. Ke7 Rf1 86. Ne8+ Kh7 87. Nf6+ Kg7 88. Ne4 Rf7+ 89. Kd6 Rf8 90. Ke5 Rf7 91. Ng5 Ra7 92. Kf5 Ra5+ 93. Kg4 Kf8 94. Kh5 Ra7 95. Kg6 Rg7+ 96. Kf6 Ra7 97. Rb6 Kg8 98. Rb8# 1-0


[Site "https://www.chess.com"]

[Event "Titled Tuesday Blitz June 20 Early 2023"]
[White "Andreassen, Lars"]
[Black "Arencibia Monduy, Antonio"]
[WhiteFideId "1504878"]
[BlackFideId "3507939"]
[WhiteElo "2119"]
[BlackElo "2588"]
[Result "0-1"]
[Round "1"]
[TimeControl "180+2"]
[Date "2023.06.20"]
[WhiteClock "0:00:00"]
[BlackClock "0:00:10"]
[Board "184"]

1. d4 Nf6 2. Nf3 e6 3. Bg5 d5 4. e3 Be7 5. c4 Ne4 6. Bxe7 Qxe7 7. Nc3 Nxc3 8. bxc3 c6 9. Bd3 O-O 10. Rb1 dxc4 11. Bxc4 c5 12. O-O b6 13. d5 Rd8 14. e4 Bb7 15. Re1 exd5 16. exd5 Qd6 17. Qe2 Nd7 18. Rbd1 Nf6 19. Ne5 Re8 20. f4 Rad8 21. g3 Kf8 22. h4 h6 23. Bb5 Re7 24. c4 a6 25. Ba4 b5 26. cxb5 axb5 27. Bxb5 Bxd5 28. Bc4 Qc7 29. Bxd5 Rxd5 30. Rxd5 Nxd5 31. Qc4 Nf6 32. Rc1 Nd7 33. Nxd7+ Rxd7 34. Qxc5+ Qxc5+ 35. Rxc5 Rd2 36. a4 g6 37. a5 Ra2 38. g4 Ra4 39. Kg2 Rxf4 40. Kg3 Ra4 41. h5 Kg7 42. Kf3 Kf6 43. Kg3 Ra3+ 44. Kf4 g5+ 45. Ke4 Rg3 46. Rc6+ Kg7 47. Kf5 Rf3+ 48. Ke5 Rf4 49. a6 Rxg4 50. a7 Ra4 51. Rc7 g4 52. Kd5 g3 53. Rc3 Rxa7 54. Rxg3+ Kh7 55. Ke5 Ra6 56. Kf5 Rb6 57. Rg4 Rb5+ 58. Kf6 Rxh5 59. Rg7+ Kh8 60. Rxf7 Ra5 61. Kg6 Ra6+ 62. Kh5 Kg8 63. Rb7 Rc6 0-1


[Site "https://www.chess.com"]

[Event "Titled Tuesday Blitz June 20 Early 2023"]
[White "Parpiev, Isaak"]
[Black "Antonio, Jorge Carlos"]
[WhiteFideId "34281576"]
[BlackFideId "113190"]
[WhiteElo "2167"]
[BlackElo "2247"]
[Result "0-1"]
[Round "1"]
[TimeControl "180+2"]
[Date "2023.06.20"]
[WhiteClock "0:00:00"]
[BlackClock "0:01:02"]
[Board "185"]

1. d4 d5 2. c4 c6 3. Nc3 dxc4 4. e3 b5 5. a4 b4 6. Ne4 Qd5 7. Nd2 c3 8. bxc3 bxc3 9. Nb1 Qa5 10. Qc2 Na6 11. Qxc3 Qxc3+ 12. Nxc3 Nb4 13. Rb1 a5 14. Nf3 Nf6 15. e4 e6 16. Be2 Ba6 17. Bxa6 Rxa6 18. O-O Be7 19. Bg5 h6 20. Bf4 O-O 21. h3 Raa8 22. Rfd1 Rfd8 23. Ne5 c5 24. Be3 Rac8 25. Nb5 cxd4 26. Bxd4 Nxe4 27. f3 Nf6 28. Bf2 Rxd1+ 29. Rxd1 Nfd5 30. Nd7 Rc2 31. Nb6 Rxf2 32. Kxf2 Bc5+ 33. Ke1 Bxb6 0-1


[Site "https://www.chess.com"]

[Event "Titled Tuesday Blitz June 20 Early 2023"]
[White "Rodriguez Santiago, Jaime"]
[Black "Becerra, Juan David"]
[WhiteFideId "3100898"]
[BlackFideId "4404998"]
[WhiteElo "2025"]
[BlackElo "2304"]
[Result "0-1"]
[Round "1"]
[TimeControl "180+2"]
[Date "2023.06.20"]
[WhiteClock "0:00:15"]
[BlackClock "0:00:41"]
[Board "186"]

1. c4 e6 2. Nf3 Nf6 3. g3 b6 4. Bg2 Bb7 5. O-O Be7 6. b3 O-O 7. Bb2 c5 8. e3 d6 9. Qe2 Nbd7 10. d3 a6 11. Nc3 Ra7 12. Rad1 Qa8 13. Ne1 Bxg2 14. Nxg2 Re8 15. f4 d5 16. g4 d4 17. exd4 cxd4 18. Ne4 Nxe4 19. dxe4 e5 20. f5 Nc5 21. Rfe1 a5 22. Bc1 Qd8 23. Qf3 h6 24. h3 Bg5 25. Bxg5 hxg5 26. h4 gxh4 27. Qh3 Qg5 28. Nxh4 Qf4 29. Rf1 Qxe4 30. Rde1 Qd3 31. Rf3 Qd2 32. Ref1 e4 33. Ng6 Qh6 34. Qxh6 gxh6 35. Rh3 fxg6 36. Rxh6 gxf5 37. Rxf5 Rg7 38. Rxb6 e3 39. Kf1 e2+ 0-1


[Site "https://www.chess.com"]

[Event "Titled Tuesday Blitz June 20 Early 2023"]
[White "AyMitecK"]
[Black "Wang, Alexander J"]
[BlackFideId "30955270"]
[WhiteElo "2585"]
[BlackElo "2266"]
[Result "0-1"]
[Round "1"]
[TimeControl "180+2"]
[Date "2023.06.20"]
[WhiteClock "0:00:29"]
[BlackClock "0:00:15"]
[Board "187"]

1. e4 c5 2. Nf3 d6 3. Bb5+ Bd7 4. Bxd7+ Qxd7 5. O-O Nc6 6. Re1 Nf6 7. c3 e6 8. d4 cxd4 9. cxd4 d5 10. e5 Ne4 11. Nc3 Nxc3 12. bxc3 Be7 13. Re3 Na5 14. Ne1 Nc4 15. Rg3 g6 16. Nd3 Rc8 17. Rb1 b6 18. Rf3 Ba3 19. Bg5 Be7 20. Bh6 Rg8 21. Qc1 Bf8 22. Bxf8 Rxf8 23. Qg5 Qe7 24. Qh6 Kd7 25. h3 Rh8 26. Qg7 Rhf8 27. Qxh7 Nd2 28. Rc1 Nxf3+ 29. gxf3 Rh8 30. Qg7 Rcg8 31. Qf6 Qxf6 32. exf6 Rxh3 33. Ne5+ Ke8 34. c4 Rgh8 35. Rc3 Rh1+ 36. Kg2 R8h2+ 37. Kg3 Rh3+ 38. Kf4 Rh4+ 39. Ke3 Re1+ 40. Kd2 Ra1 41. cxd5 Rxd4+ 42. Ke3 Rxd5 43. Rc8+ Rd8 44. Rxd8+ Kxd8 45. Nxf7+ Ke8 46. Ne5 Rxa2 47. Kf4 Re2 48. Nc4 Kf7 49. Kg5 Rxf2 50. Nd6+ Kf8 51. Kxg6 a5 52. Nc4 a4 53. Nxb6 Rd2 54. Nxa4 Rg2+ 55. Kh5 Kf7 56. Nc5 Kxf6 57. Kh4 Rg1 58. Kh3 Kf5 59. Kh2 Rg8 60. Kh3 e5 61. Nd3 Rg7 62. Kh2 Rd7 63. Nc5 Rd2+ 64. Kh3 Kf4 65. Ne4 Rd8 66. Kg2 Rg8+ 67. Kf2 Ra8 68. Ke2 Ra2+ 69. Kd3 Kxf3 70. Ng5+ Kf4 71. Ne6+ Kf5 72. Nc5 Ra3+ 73. Ke2 Rh3 74. Kf2 Kf4 75. Ne6+ Kf5 76. Nc5 e4 77. Ke2 Rh8 78. Nd7 Kf4 79. Nc5 Rh2+ 80. Ke1 Kf3 81. Kd1 e3 82. Ne6 Rh1+ 83. Kc2 e2 84. Nd4+ Kf2 85. Nxe2 Kxe2 86. Kc3 Rd1 87. Kc2 Rd8 88. Kc3 Rd7 89. Kc4 Ke3 90. Kc5 Ke4 91. Kc6 Rd1 92. Kc5 Rd2 93. Kc6 Ke5 94. Kc7 Ke6 95. Kc8 Ke7 96. Kb7 Rc2 97. Kb6 Kd7 98. Kb5 Rc8 99. Kb4 Kd6 100. Kb3 Kd5 101. Kb4 Rc7 102. Kb5 Rb7+ 103. Ka6 Rb1 104. Ka5 Kc4 105. Ka6 Kc5 106. Ka5 Ra1# 0-1


[Site "https://www.chess.com"]

[Event "Titled Tuesday Blitz June 20 Early 2023"]
[White "Zaichenko, Daria"]
[Black "Shishkov, Andrei"]
[WhiteFideId "4197453"]
[BlackFideId "4500563"]
[WhiteElo "2039"]
[BlackElo "2228"]
[Result "1-0"]
[Round "1"]
[TimeControl "180+2"]
[Date "2023.06.20"]
[WhiteClock "0:01:17"]
[BlackClock "0:00:03"]
[Board "188"]

1. e4 d5 2. exd5 Nf6 3. Bb5+ Bd7 4. Bxd7+ Qxd7 5. c4 e6 6. dxe6 fxe6 7. d4 Nc6 8. Nf3 Bb4+ 9. Nc3 O-O-O 10. Be3 Ne4 11. Qc2 Nd6 12. Qb3 Nf5 13. O-O h6 14. d5 Nxe3 15. fxe3 Bc5 16. dxc6 Bxe3+ 17. Kh1 Qxc6 18. Ne5 Qc5 19. Nf7 Qh5 20. c5 Rd2 21. Qxe6+ Kb8 22. Qxe3 Rxg2 23. Kxg2 1-0


[Site "https://www.chess.com"]

[Event "Titled Tuesday Blitz June 20 Early 2023"]
[White "Janaszak, Dawid"]
[Black "Francisco_Ferrari"]
[WhiteFideId "1119206"]
[WhiteElo "2220"]
[BlackElo "2260"]
[Result "1/2-1/2"]
[Round "1"]
[TimeControl "180+2"]
[Date "2023.06.20"]
[WhiteClock "0:00:54"]
[BlackClock "0:00:56"]
[Board "189"]

1. e4 e5 2. Nf3 Nc6 3. d4 exd4 4. Nxd4 Nf6 5. Nxc6 bxc6 6. e5 Qe7 7. Qe2 Nd5 8. h4 h5 9. Bg5 f6 10. exf6 Qxe2+ 11. Bxe2 Nxf6 12. Rh3 d5 13. Re3+ Kf7 14. Nd2 Rb8 15. O-O-O Bc5 16. Rc3 Bd4 17. Rxc6 Bxb2+ 18. Kb1 Bd7 19. Ra6 Ne4 20. Nxe4 Ba3+ 21. Ka1 Bb2+ 22. Kb1 Ba3+ 23. Ka1 Bb2+ 24. Kb1 1/2-1/2


[Site "https://www.chess.com"]

[Event "Titled Tuesday Blitz June 20 Early 2023"]
[White "agvania123"]
[Black "Moksh Amit Doshi"]
[BlackFideId "25064967"]
[WhiteElo "2259"]
[BlackElo "2297"]
[Result "0-1"]
[Round "1"]
[TimeControl "180+2"]
[Date "2023.06.20"]
[WhiteClock "0:00:04"]
[BlackClock "0:00:20"]
[Board "190"]

1. c4 e5 2. Nc3 Nf6 3. Nf3 e4 4. Ng5 c6 5. Ngxe4 Nxe4 6. Nxe4 d5 7. cxd5 cxd5 8. Nc3 d4 9. Ne4 Nc6 10. d3 Be7 11. g3 h5 12. h4 Bf5 13. Bg2 Qd7 14. O-O Bh3 15. Bg5 Bxg2 16. Kxg2 f6 17. Bf4 Qg4 18. f3 Qe6 19. Qb3 Kf7 20. Qxe6+ Kxe6 21. Rac1 Rac8 22. a3 b6 23. b4 a5 24. b5 Ne5 25. Bxe5 Kxe5 26. a4 f5 27. Nd2 Rc3 28. Nc4+ Ke6 29. Rxc3 dxc3 30. Rc1 Bb4 31. Nxb6 Ke5 32. Kf2 Bc5+ 33. e3 Bxb6 34. Rxc3 Rd8 35. Rc6 Ba7 36. d4+ Kd5 37. Ke2 Rd6 38. Rc8 Bb6 39. Kd3 g6 40. e4+ fxe4+ 41. fxe4+ Ke6 42. d5+ Kf6 43. Re8 Kf7 44. Rc8 Bf2 45. Rc7+ Kf6 46. Rc6 Ke5 47. Rc7 Bxg3 48. Re7+ Kf6 49. Ra7 Be1 50. Rb7 Ke5 51. Re7+ Kf4 52. Ra7 Rd8 53. b6 Rb8 54. b7 Bxh4 55. d6 Bf6 56. d7 h4 57. Ra6 Bg5 58. Ra8 Rxb7 59. d8=Q Bxd8 60. Rxd8 h3 61. Rf8+ Kg3 62. Rg8 Rb6 63. e5 h2 64. Rh8 Kg2 65. Kd4 h1=Q 66. Rxh1 Kxh1 67. Kc5 Ra6 68. Kb5 Re6 0-1


[Site "https://www.chess.com"]

[Event "Titled Tuesday Blitz June 20 Early 2023"]
[White "Bodnaruk, Anastasia"]
[Black "Peiris, T G M"]
[WhiteFideId "4181751"]
[BlackFideId "9901310"]
[WhiteElo "2304"]
[BlackElo "2022"]
[Result "1-0"]
[Round "1"]
[TimeControl "180+2"]
[Date "2023.06.20"]
[WhiteClock "0:01:03"]
[BlackClock "0:00:03"]
[Board "191"]

1. e4 c6 2. d4 d5 3. e5 Bf5 4. Nf3 e6 5. Be2 c5 6. O-O Nc6 7. c3 Nge7 8. Nh4 Bg6 9. Nxg6 hxg6 10. dxc5 Nf5 11. b4 Qh4 12. h3 Be7 13. Nd2 Nxe5 14. Bb5+ Nc6 15. Nf3 Qh5 16. Ne5 O-O-O 17. Bxc6 bxc6 18. Qa4 f6 19. Nxc6 Nh4 20. Nxe7+ Kc7 21. Qxa7# 1-0


[Site "https://www.chess.com"]

[Event "Titled Tuesday Blitz June 20 Early 2023"]
[White "Thiel, Thomas"]
[Black "Sourath Biswas"]
[WhiteFideId "4615964"]
[BlackFideId "35091484"]
[WhiteElo "2233"]
[BlackElo "2171"]
[Result "0-1"]
[Round "1"]
[TimeControl "180+2"]
[Date "2023.06.20"]
[WhiteClock "0:00:22"]
[BlackClock "0:00:28"]
[Board "192"]

1. e4 c6 2. d4 d5 3. exd5 cxd5 4. c4 Nf6 5. Nc3 Nc6 6. Bg5 dxc4 7. Bxc4 Qxd4 8. Qxd4 Nxd4 9. O-O-O h6 10. Bxf6 exf6 11. Rxd4 Bc5 12. Re4+ Kf8 13. Re2 Bf5 14. Nf3 Rc8 15. Rd1 a6 16. Nd4 Bg4 17. f3 Bh5 18. Nf5 Bg6 19. Nd6 Bxd6 20. Rxd6 b5 21. Bd3 Bxd3 22. Rxd3 b4 23. Kc2 bxc3 24. Rxc3 Rxc3+ 25. Kxc3 g5 26. Kb4 Kg7 27. Ka5 Ra8 28. b4 f5 29. Rc2 Rb8 30. a4 f6 31. Rc6 Rd8 32. Rxa6 Rd2 33. b5 Rxg2 34. b6 Rb2 35. Ra7+ Kg6 36. b7 g4 37. fxg4 f4 38. Ra6 Rxb7 39. Rb6 Rxb6 40. Kxb6 f3 41. a5 f2 42. a6 f1=Q 43. a7 Qg2 44. Kc7 Qa8 0-1


[Site "https://www.chess.com"]

[Event "Titled Tuesday Blitz June 20 Early 2023"]
[White "Sowul, Bartosz"]
[Black "Politov, Pavel Y."]
[WhiteFideId "1137590"]
[BlackFideId "24110515"]
[WhiteElo "2188"]
[BlackElo "2066"]
[Result "1-0"]
[Round "1"]
[TimeControl "180+2"]
[Date "2023.06.20"]
[WhiteClock "0:00:51"]
[BlackClock "0:00:22"]
[Board "193"]

1. e4 c5 2. Nc3 d6 3. d4 cxd4 4. Qxd4 Nc6 5. Qd2 g6 6. b3 Bh6 7. f4 Nf6 8. Bb2 O-O 9. O-O-O e5 10. g3 Bg4 11. Be2 Nd4 12. Bxg4 Nxg4 13. Kb1 a6 14. h3 Nf6 15. Nge2 Nxe2 16. Qxe2 exf4 17. g4 Re8 18. Qd3 Qc7 19. Qd4 Qc5 20. Qxf6 Bg7 21. Qxg7+ Kxg7 22. Na4+ Qe5 23. Rxd6 b5 24. Nc5 f6 25. Bxe5 Rxe5 26. b4 a5 27. a3 axb4 28. axb4 Rae8 29. Rhd1 Kg8 30. Rxf6 Rf8 31. Rxf8+ Kxf8 32. Nd7+ Ke7 33. Nxe5 Ke6 34. Nf3 Kf6 35. e5+ Ke6 36. Rd6+ Ke7 37. Rb6 1-0


[Site "https://www.chess.com"]

[Event "Titled Tuesday Blitz June 20 Early 2023"]
[White "De Souza, Cristiano Gomes"]
[Black "Aldokhin, Ivan"]
[WhiteFideId "2151758"]
[BlackFideId "24115720"]
[WhiteElo "2068"]
[BlackElo "2322"]
[Result "1/2-1/2"]
[Round "1"]
[TimeControl "180+2"]
[Date "2023.06.20"]
[WhiteClock "0:00:21"]
[BlackClock "0:00:06"]
[Board "194"]

1. d4 Nf6 2. c4 g6 3. Nf3 Bg7 4. Nc3 O-O 5. e4 d6 6. Be2 Nc6 7. O-O Re8 8. d5 Nb4 9. a3 Na6 10. Be3 e6 11. Rc1 exd5 12. exd5 Nc5 13. b4 Nce4 14. Nxe4 Nxe4 15. Bd4 Bd7 16. Bxg7 Kxg7 17. Qd4+ Qf6 18. Qxf6+ Nxf6 19. Bd3 a5 20. Rfe1 axb4 21. axb4 Rxe1+ 22. Nxe1 Ra4 23. Rb1 Ng4 24. f3 Ne5 25. Be2 Bf5 26. Rb2 Ra1 27. Kf2 Rc1 28. g4 Bc8 29. Rc2 Rb1 30. c5 Bd7 31. cxd6 cxd6 32. h3 Rxb4 33. Rc7 g5 34. Nd3 Nxd3+ 35. Bxd3 Ba4 36. Bf5 b5 37. Kg3 Bd1 38. Rd7 Rb3 39. Be4 b4 40. Rxd6 Rb2 41. Rb6 b3 42. d6 Rd2 43. h4 h6 44. hxg5 hxg5 45. Rb5 Kf6 46. Rf5+ Ke6 47. Rxg5 Bc2 48. Rb5 Kxd6 49. Kf4 Bxe4 50. Kxe4 b2 51. g5 Ke6 52. Rb6+ Ke7 53. f4 Re2+ 54. Kf5 Rc2 55. Rb7+ Kf8 56. g6 fxg6+ 57. Kxg6 Rc6+ 58. Kf5 Rc5+ 59. Kf6 Rc6+ 60. Ke5 Rc5+ 61. Kd4 Rc2 62. Kd3 Rf2 63. Ke4 Re2+ 64. Kf5 Rc2 65. Kf6 Rc6+ 66. Ke5 Rc5+ 67. Kd4 Rc2 68. Kd3 Rf2 69. Ke4 Ke8 70. f5 Re2+ 71. Kd4 Kf8 72. Kc3 Rf2 73. Rxb2 Rxf5 74. Kd3 Kf7 75. Ke4 Rf6 76. Rb7+ Kg6 77. Rb3 Re6+ 78. Kf3 Rf6+ 79. Kg2 Rf5 80. Rg3+ Rg5 81. Rxg5+ Kxg5 1/2-1/2


[Site "https://www.chess.com"]

[Event "Titled Tuesday Blitz June 20 Early 2023"]
[White "TimGrutter03"]
[Black "Xavier_mompel"]
[WhiteElo "2578"]
[BlackElo "2225"]
[Result "1-0"]
[Round "1"]
[TimeControl "180+2"]
[Date "2023.06.20"]
[WhiteClock "0:00:46"]
[BlackClock "0:00:08"]
[Board "195"]

1. d4 d5 2. Nc3 Nf6 3. Bf4 e6 4. e3 Bd6 5. g4 O-O 6. g5 Ne8 7. Bd3 c5 8. dxc5 Bxc5 9. Nf3 Nc6 10. Qd2 Bd6 11. Bxd6 Nxd6 12. O-O-O a6 13. h4 b5 14. h5 b4 15. Ne2 e5 16. Bxh7+ Kxh7 17. g6+ Kg8 18. Qxd5 Bb7 19. h6 Nf5 20. gxf7+ Rxf7 21. h7+ Kh8 22. Qxf7 1-0


[Site "https://www.chess.com"]

[Event "Titled Tuesday Blitz June 20 Early 2023"]
[White "Vila Dupla, Aurelio"]
[Black "Zavgorodniy, Sergiy"]
[WhiteFideId "2203383"]
[BlackFideId "14110148"]
[WhiteElo "2009"]
[BlackElo "2402"]
[Result "0-1"]
[Round "1"]
[TimeControl "180+2"]
[Date "2023.06.20"]
[WhiteClock "0:00:00"]
[BlackClock "0:00:41"]
[Board "196"]

1. Nf3 d5 2. d4 Nf6 3. c4 dxc4 4. e3 e6 5. Bxc4 a6 6. O-O b5 7. Bd3 Bb7 8. b3 Nbd7 9. Bb2 c5 10. a4 b4 11. Nbd2 Be7 12. Nc4 Qc7 13. Rc1 O-O 14. Nce5 Rac8 15. Nxd7 Nxd7 16. dxc5 Nxc5 17. Qc2 h6 18. Bd4 Rfd8 19. Bh7+ Kh8 20. Ne5 Bd6 21. Bxc5 Bxe5 22. f4 Bc3 23. Bxb4 Rd2 24. Bxc3 Rxc2 25. Rxc2 f5 26. Bxg7+ Qxg7 0-1


[Site "https://www.chess.com"]

[Event "Titled Tuesday Blitz June 20 Early 2023"]
[White "Degenbaev, Aziz"]
[Black "Kiseleva, Arina"]
[WhiteFideId "13802640"]
[BlackFideId "4164989"]
[WhiteElo "2152"]
[BlackElo "1701"]
[Result "1-0"]
[Round "1"]
[TimeControl "180+2"]
[Date "2023.06.20"]
[WhiteClock "0:00:18"]
[BlackClock "0:00:00"]
[Board "197"]

1. e4 c6 2. d4 d5 3. e5 Bf5 4. Nd2 h6 5. Nb3 e6 6. Nf3 Nd7 7. Be2 a6 8. O-O c5 9. dxc5 Nxc5 10. Nfd4 Nxb3 11. axb3 Be4 12. f3 Bg6 13. f4 Bc5 14. Kh1 Ne7 15. Be3 Rc8 16. c3 Nf5 17. Nxf5 Bxf5 18. Bxc5 Rxc5 19. b4 Rc8 20. b5 axb5 21. Bxb5+ Kf8 22. Qd4 Qc7 23. Ra7 g5 24. Ba6 Rb8 25. Be2 Be4 26. Qe3 Rg8 27. Bf3 Bxf3 28. Qxf3 g4 29. Qe3 h5 30. f5 exf5 31. Rxf5 h4 32. Ra1 Qe7 33. Raf1 Rg7 34. e6 Kg8 35. exf7+ Kf8 36. Qxe7+ Kxe7 37. f8=Q+ Rxf8 38. Rxf8 g3 39. Rb8 1-0


[Site "https://www.chess.com"]

[Event "Titled Tuesday Blitz June 20 Early 2023"]
[White "Tsyhanchuk, Stanislav"]
[Black "Subelj, Jan"]
[WhiteFideId "13505130"]
[BlackFideId "14618583"]
[WhiteElo "2173"]
[BlackElo "2499"]
[Result "0-1"]
[Round "1"]
[TimeControl "180+2"]
[Date "2023.06.20"]
[WhiteClock "0:00:20"]
[BlackClock "0:00:56"]
[Board "198"]

1. c4 e5 2. Nc3 Nf6 3. Nf3 e4 4. Ng5 c6 5. Ngxe4 Nxe4 6. Nxe4 d5 7. cxd5 cxd5 8. Nc3 d4 9. Ne4 Nc6 10. e3 Be7 11. Bc4 Bf5 12. Ng3 Bg6 13. O-O O-O 14. a4 Nb4 15. e4 d3 16. Ra3 Rc8 17. Qb3 Qc7 18. Bxd3 Nxd3 19. Qxd3 Bxa3 20. Qxa3 Bxe4 21. Nxe4 Qxc1 22. Nd6 Rc7 23. Nf5 Qc5 24. Qf3 g6 25. Qg3 Rd8 26. d4 Qc6 27. Qg5 Re8 28. d5 Qd7 29. d6 Rc2 30. Ne7+ Kg7 31. Qe5+ f6 32. Qd4 Re2 33. Qd1 Re6 34. Re1 Rxe1+ 35. Qxe1 Qxd6 0-1


[Site "https://www.chess.com"]

[Event "Titled Tuesday Blitz June 20 Early 2023"]
[White "Krishnan, Varun"]
[Black "Fudalej, Michal"]
[WhiteFideId "5054508"]
[BlackFideId "1118781"]
[WhiteElo "2568"]
[BlackElo "2088"]
[Result "1-0"]
[Round "1"]
[TimeControl "180+2"]
[Date "2023.06.20"]
[WhiteClock "0:00:06"]
[BlackClock "0:00:51"]
[Board "199"]

1. d4 Nf6 2. c4 g6 3. Nf3 Bg7 4. g3 d6 5. Bg2 c6 6. O-O O-O 7. b3 e5 8. Bb2 e4 9. Nfd2 d5 10. Nc3 Re8 11. Rc1 e3 12. fxe3 Ng4 13. Rf4 Nxe3 14. Qe1 dxc4 15. Nxc4 Bxd4 16. Rxd4 Qxd4 17. Nd5 Nxg2+ 18. Bxd4 Nxe1 19. Nf6+ Kf8 20. Nxe8 Kxe8 21. Rxe1 Be6 22. Nd6+ Ke7 23. Nxb7 Nd7 24. Bb2 a5 25. Rc1 a4 26. Rxc6 axb3 27. axb3 Ra2 28. Bc1 Bxb3 29. Rc3 Bd5 30. Re3+ Kf8 31. Nd6 Ra1 32. Rc3 Ke7 33. Nb5 Ne5 34. Kf2 f5 35. Ba3+ Kf6 36. Bb2 Ra2 37. Rc2 Ke6 38. Nd4+ Kd6 39. Nb5+ Ke6 40. Nc7+ Kd6 41. Nxd5 Kxd5 42. Rd2+ Ke4 43. Rd4# 1-0


[Site "https://www.chess.com"]